 Dungeon Crawl Stone Soup version 0.31-a0-486-g8d68a81214 (webtiles) character file.

Game seed: 6259771483834618436

88 javelincjr the Conjurer (level 4, -4/25 HPs)
             Began as a Tengu Conjurer on Aug 8, 2023.
             Killed from afar by Ijyb (6 damage)
             ... with a puff of flame
             ... on level 3 of the Dungeon.
             The game lasted 00:06:39 (2734 turns).

javelincjr the Conjurer (Tengu Conjurer)            Turns: 2734, Time: 00:06:39

Health: -4/25      AC:  3    Str:  7    XL:     4   Next: 53%
Magic:  0/8        EV: 12    Int: 20    God:
Gold:   243        SH:  0    Dex: 13    Spells: 5/8 levels left

rFire   . . .        d - +0 short sword
rCold   . . .        (no shield)
rNeg    . . .        a - +0 robe
rPois   .            (helmet restricted)
rElec   .            o - +0 cloak
rCorr   +            (no gloves)
SInv    .            (boots unavailable)
Will    .....        (no amulet)
Stlth   ++           j - ring of resist corrosion
HPRegen 0.24/turn    (no ring)
MPRegen 0.11/turn

%: no passive effects
@: no status effects
A: beak, talons 3
a: no special abilities


You were on level 3 of the Dungeon.
You visited 1 branch of the dungeon, and saw 3 of its levels.

You collected 243 gold pieces.

Inventory:

Hand Weapons
 d - a +0 short sword (weapon)
Armour
 a - a +0 robe (worn)
 o - a +0 cloak (worn)
Jewellery
 j - a ring of resist corrosion (left hand)
Scrolls
 e - a scroll of fog {unknown}
 g - a scroll of teleportation {unknown}
 k - a scroll of noise {unknown}
 l - a scroll of enchant armour {unknown}
 p - a scroll of identify {unknown}
Potions
 b - a potion of magic
 c - a potion of curing {unknown}
 f - 2 potions of haste {unknown}
 h - 2 potions of mutation {unknown}
 i - a potion of enlightenment {unknown}
 m - a potion of degeneration {unknown}
 n - a potion of heal wounds {unknown}


   Skills:
 + Level 1.2 Fighting
 + Level 3.0 Dodging
 + Level 2.9 Stealth
 + Level 2.6 Spellcasting
 + Level 5.8 Conjurations


You had 5 spell levels left.
You knew the following spells:

 Your Spells              Type           Power      Damage    Failure   Level
a - Magic Dart            Conj           100%       1d8       1%          1
b - Searing Ray           Conj           52%        2d6       1%          2

Your spell library contained the following spells:

 Spells                   Type           Power      Damage    Failure   Level
 Kiss of Death            Conj/Necr      56%        2d9       4%          1
 Dazzling Flash           Conj/Hex       28%        N/A       13%         3
 Cigotuvi's Dreadful Rot  Necr/Pois/Air  4%         N/A       22%         2
 Confusing Touch          Hex            2%         N/A       41%         3
 Fulminant Prism          Conj/Hex       7%         3d7       41%         4
 Iskenderun's Mystic Bla  Conj/Tloc      14%        2d5       41%         4
 Dispel Undead            Necr           2%         3d7       83%         4
 Death Channel            Necr           1%         N/A       100%        6


Dungeon Overview and Level Annotations

Branches:
Dungeon (3/15)

Altars:

Annotations:
D:3 Ijyb


Innate Abilities, Weirdness & Mutations

You have a beak for a mouth.
You have claws for feet.


Message History

Confirm with . or Enter, or press ? or * to list all spells.
Aiming: Searing Ray (safe; 1% risk of failure)
Press: ? - help, Shift-Dir - straight line, f/p - Ijyb
Aim: Ijyb, wielding a +0 dagger, wearing a +1 chain mail of fire resistance and carrying a wand of flame (severely wounded, 79% to hit)
The searing ray hits Ijyb but does no damage.
Ijyb is severely wounded. (Press . to maintain the ray.) Ijyb closely misses you.
The searing ray hits Ijyb but does no damage.
Ijyb is severely wounded.
Ijyb hits you with a +0 dagger.
You are too injured to fight recklessly!
You are too injured to fight recklessly!
You hit Ijyb but do no damage. You claw Ijyb, but do no damage.
Ijyb is severely wounded.
Ijyb hits you with a +0 dagger.
* * * LOW HITPOINT WARNING * * *
You hit Ijyb but do no damage. Your kick misses Ijyb.
Ijyb is severely wounded.
Ijyb hits you with a +0 dagger.
* * * LOW HITPOINT WARNING * * *
You barely miss Ijyb.
Ijyb is severely wounded.
Ijyb zaps a wand.
The puff of flame misses you.
Casting: Searing Ray (safe; 1% risk of failure)
Confirm with . or Enter, or press ? or * to list all spells.
Aiming: Magic Dart (safe; 1% risk of failure)
Press: ? - help, Shift-Dir - straight line, f/p - Ijyb
Aim: Ijyb, wielding a +0 dagger, wearing a +1 chain mail of fire resistance and carrying a wand of flame (severely wounded, 100% to hit)
The magic dart hits Ijyb.
Ijyb is almost dead.
Ijyb hits you with a +0 dagger.
* * * LOW HITPOINT WARNING * * *
You hit Ijyb but do no damage.
Ijyb is almost dead.
Ijyb barely misses you.
You barely miss Ijyb.
Ijyb is almost dead.
Ijyb zaps a wand.
The puff of flame hits you.
You die...

###.##.##.......##.....##.
#...#...........#............
..............................
..............................
....(.........................
.......................)......
................(............>
.....#........#...........?...
...#.###..###...@g............
...#......# #....#............
...#####.>. #.#.....#.##..####
.. ......................
..............##........
#..........# ........
..#......... ........
...##.##..#........ .. #. #.#
..)..._


You could see Ijyb.

Vanquished Creatures
  3 adders (D:2)
  A worm (D:2)
  5 dart slugs
  4 ball pythons
  5 endoplasms
  2 giant cockroaches (D:2)
  3 hobgoblins
  3 jackals (D:1)
  2 quokkas (D:1)
  6 bats
  2 frilled lizards (D:1)
  4 goblins
  6 kobolds
  4 rats
50 creatures vanquished.

Notes
Turn   | Place    | Note
-------+----------+-------------------------------------------
     0 | D:1      | javelincjr the Tengu Conjurer began the quest for the Orb.
     0 | D:1      | Reached XP level 1. HP: 10/10 MP: 4/4
   263 | D:1      | Reached XP level 2. HP: 15/15 MP: 1/6
   677 | D:1      | Reached XP level 3. HP: 20/20 MP: 2/7
  1778 | D:2      | Reached XP level 4. HP: 24/24 MP: 6/8
  1833 | D:2      | Reached skill level 1 in Fighting
  2366 | D:3      | Learned a level 2 spell: Searing Ray
  2554 | D:3      | Found a faded altar of an unknown god.
  2556 | D:3      | Noticed Ijyb
  2734 | D:3      | Killed from afar by Ijyb

Illustrated notes

Levels and vault maps discovered:
D:1:      evilmike_arrival_rings, layout_basic, minmay_pentomino_t2
D:2:      layout_loops_ring
D:3:      layout_rooms, mainiacjoe_overflow_paths, basic_ecumenical_altar,
          hangedman_abyss_or_decor_lesser_grid, uniq_ijyb

Skill      XL: |  1  2  3  4 |
---------------+-------------+-----
Fighting       | 1 |  1.2
Dodging        | 3 |  3.0
Stealth        | |  2.9
Spellcasting   | |  2.6
Conjurations   | |  5.8

Action                     |  1- 3 |  4- 6 || total
---------------------------+-------+-------++-------
  Melee: Short sword       |     5 |     5 ||    10
         Kick              |     4 |     1 ||     5
         Peck              |     1 |       ||     1
   Cast: Magic Dart        |    70 |    37 ||   107
         Searing Ray       |       |     3 ||     3
 Armour: Robe              |     1 |     1 ||     2
  Dodge: Dodged            |     4 |     6 ||    10

Table legend: (Time is in decaauts)
 A = Elapsed time spent in this place.
 B = Non-inter-level travel time spent in this place.
 C = Inter-level travel time spent in this place.
 D = Time resting spent in this place.
 E = Time spent auto-exploring this place.
 F = Levels seen in this place.
 G = Mean time per level.
                   A        B        C        D        E       F      G
               +--------+--------+--------+--------+--------+-----+--------+
         Total |   2734 |   2635 |     99 |    155 |   2160 |   3 |  911.3 |
       Dungeon |   2734 |   2635 |     99 |    155 |   2160 |   3 |  911.3 |
               +--------+--------+--------+--------+--------+-----+--------+

Top non-repeatable levels by time:
     D:1: 1375 daAuts
     D:2: 1115 daAuts
     D:3: 243 daAuts
